 Dungeon Crawl Stone Soup version 0.29-a0-284-gf9362112df (webtiles) character file.

Game seed: 13604841812678547448

331 rabbitsville the Digger (level 6, -11/36 HPs)
             Began as an Octopode Earth Elementalist on Mar 23, 2022.
             Was an Initiate of Nemelex Xobeh.
             Mangled by a gnoll
             ... wielding a +0 halberd
              (12 damage)
             ... on level 4 of the Dungeon.
             The game lasted 00:06:14 (3571 turns).

rabbitsville the Digger (OpEE)                      Turns: 3571, Time: 00:06:15

Health: -11/36     AC:  1    Str:  7    XL:     6   Next: 52%
Magic:  12/12      EV: 13    Int: 16    God:    Nemelex Xobeh [......]
Gold:   147        SH:  0    Dex: 15    Spells: 12/13 levels left

rFire   . . .      SeeInvis .   o - +7 whip "Goblin's Foe" {drain, rElec rN++ Int-3 Dex+2}
rCold   . . .      Faith    .   (no shield)
rNeg    + + +      Spirit   .   (helmet restricted)
rPois   .          Reflect  .   (no amulet)
rElec   +          Harm     .   h - ring of positive energy
rCorr   .          Rampage  .   (no ring)
Will    .....                   (no ring)
Stlth   +++.......              (no ring)
HPRegen 0.12/turn               (no ring)
MPRegen 0.13/turn               (no ring)
                                (no ring)
                                (no ring)

@: attractive
A: almost no armour, amphibious, 8 rings, camouflage 1, gelatinous body 1,
(nimble swimmer 1), tentacles
a: Renounce Religion, Draw Escape, Draw Destruction, Draw Summoning


You were on level 4 of the Dungeon.
You worshipped Nemelex Xobeh.
Nemelex Xobeh was noncommittal.
You visited 1 branch of the dungeon, and saw 4 of its levels.

You collected 147 gold pieces.

Inventory:

Hand Weapons
 c - a +0 short sword
 o - the +7 whip "Goblin's Foe" (weapon) {drain, rElec rN++ Int-3 Dex+2}
   (You found it on level 3 of the Dungeon)

   A truly terrible weapon, it drains the life of any living foe it strikes.
   Int:       It affects your intelligence (-3).
   Dex:       It affects your dexterity (+2).
   rElec:     It insulates you from electricity.
   rN:        It greatly protects you from negative energy.
Missiles
 a - 107 stones
Jewellery
 h - a ring of positive energy (left tentacle)
Wands
 q - a wand of paralysis (2)
Scrolls
 g - 4 scrolls of brand weapon {unknown}
 j - a scroll of noise {unknown}
 l - a scroll of enchant weapon {unknown}
 m - 2 scrolls of amnesia {unknown}
Potions
 b - 2 potions of magic
 d - 2 potions of resistance {unknown}
 e - a potion of cancellation {unknown}
 f - a potion of berserk rage {unknown}
 i - 2 potions of attraction
 k - 2 potions of mutation {unknown}
 n - a potion of lignification {unknown}
 p - a potion of curing {unknown}


   Skills:
 - Level 2.0 Dodging
 - Level 2.6 Stealth
 + Level 4.4 Spellcasting
 - Level 1.0 Transmutations
 + Level 5.3 Earth Magic
 + Level 1.5 Invocations


You had 12 spell levels left.
You knew the following spells:

 Your Spells              Type           Power      Damage    Failure   Level
a - Sandblast             Erth           40%        2d10      1%          1

Your spell library contained the following spells:

 Spells                   Type           Power      Damage    Failure   Level
 Passwall                 Tmut/Erth      10%        N/A       7%          2
 Magic Dart               Conj           12%        1d3       16%         1
 Stone Arrow              Conj/Erth      24%        3d8       16%         3
 Searing Ray              Conj           6%         2d4       24%         2
 Petrify                  Tmut/Erth      13%        N/A       41%         4
 Fulminant Prism          Conj/Hex       1%         3d6       85%         4


Dungeon Overview and Level Annotations

Branches:
Dungeon (4/15)
 Temple: D:4-7

Altars:
Kikubaaqudgha
Nemelex Xobeh

Annotations:
D:3 3 runed translucent doors, SirDiesAlot's ghost, weakling MiFi; avis's ghost, amateur OpTm; being54's ghost, weakling SpEn; gzilladon's ghost, amateur MiBe; sirJeffrey23's ghost, amateur DgGl


Innate Abilities, Weirdness & Mutations

You cannot wear most types of armour.
You are amphibious.
You can wear up to eight rings at the same time.
Your skin changes colour to match your surroundings (Stealth+).
Your rubbery body absorbs attacks. (AC +1, EV +1)
((You are camouflaged when in or above water. (Stealth+)))
You have tentacles for arms and can constrict up to eight enemies at once.


Message History

You feel sick. The adder attacks as you move away! The adder barely misses you.
You feel sick.
You hit the adder. Your grab misses the adder.
The adder is heavily wounded.
You feel sick. The adder barely misses you. The adder closely misses you.
You miss the adder. Your grab misses the adder.
The adder is heavily wounded.
You feel sick. The adder closely misses you.
You hit the adder.
You kill the adder!
You feel sick.
You are no longer poisoned.
The gnoll closely misses you.
You barely miss the gnoll. You grab the gnoll.
You constrict the gnoll, but do no damage.
The gnoll closely misses you.
The gnoll hits you from afar with a +0 halberd!
You hit the gnoll. You drain the gnoll.
The gnoll is heavily wounded.
You constrict the gnoll, but do no damage.
The gnoll closely misses you. The gnoll barely misses you.
You whack the gnoll!
You kill the gnoll!
The gnoll barely misses you.
You hit the gnoll shaman. You drain the gnoll shaman.
Your grab misses the gnoll shaman. You squeeze the gnoll shaman.
The gnoll shaman is heavily wounded.
The gnoll closely misses you. The gnoll shaman closely misses you.
You hit the gnoll shaman. Your grab misses the gnoll shaman.
The gnoll shaman is severely wounded.
The gnoll misses you.
The gnoll shaman hits you but does no damage.
The gnoll hits you from afar with a +0 halberd!
* * * LOW HITPOINT WARNING * * *
It was a potion of attraction.
You feel attractive to monsters. The gnoll barely misses you.
The gnoll hits you from afar with a +0 halberd!
You die...
Your body disappears without a glow.

....†....#
##.......###
........##
#...........
.........# ###
##.#.........
#.....##.## ###.#
#..##........
###.####..###...#
##.####....... ###
#........# ##..#
#.......
##.......## #..##
#.......
##....>..g####..#
#.......
##........gg@...##
#.......
#.........#####..##
#.....[.
#.........# ##..##
#.......
#........##
##..###.......
....)......<.#
###.##......#
..#.#.......##
##.#......#
...........#
##.......#
.#.#.......##
##.......
#.###....##
##......


You could see a gnoll shaman (very drained) and 2 gnolls.

Vanquished Creatures
  Sigmund (D:3)
  A scorpion (D:4)
  2 gnolls (D:4)
  3 adders
  3 dart slugs
  An orc (D:3)
  3 ball pythons
  6 bats
  6 endoplasms
  A giant cockroach (D:1)
  5 goblins
  5 hobgoblins
  3 jackals (D:1)
  A quokka (D:3)
  2 frilled lizards
  6 kobolds
  5 rats
54 creatures vanquished.

Notes
Turn   | Place    | Note
-------+----------+-------------------------------------------
     0 | D:1      | rabbitsville the Octopode Earth Elementalist began the
                  | quest for the Orb.
     0 | D:1      | Reached XP level 1. HP: 11/11 MP: 3/3
    96 | D:1      | Reached XP level 2. HP: 7/17 MP: 3/5
   441 | D:1      | Found Duaclig's Weapon Shop.
   684 | D:1      | Found a faded altar of an unknown god.
  1005 | D:1      | You fall into a shaft and drop 1 floor!
  1059 | D:2      | Reached XP level 3. HP: 8/21 MP: 6/6
  1991 | D:2      | Found an ancient bone altar of Kikubaaqudgha.
  2196 | D:3      | Identified the +7 whip "Goblin's Foe" {drain, rElec rN++
                  | Int-3 Dex+2}
  2487 | D:3      | Noticed Sigmund
  2503 | D:3      | Killed Sigmund
  2504 | D:3      | Reached skill level 5 in Earth Magic
  2504 | D:3      | Reached XP level 4. HP: 4/27 MP: 2/10
  2504 | D:3      | Reached XP level 5. HP: 5/31 MP: 2/11
  2768 | D:3      | Found a sparkling altar of Nemelex Xobeh.
  2866 | D:3      | Became a worshipper of Nemelex Xobeh the Trickster
  3089 | D:3      | Found a runed translucent gate.
  3089 | D:3      | Found a runed translucent gate.
  3091 | D:3      | Noticed gzilladon's ghost (amateur MiBe)
  3091 | D:3      | Noticed SirDiesAlot's ghost (weakling MiFi)
  3092 | D:3      | Found a runed translucent gate.
  3093 | D:3      | Noticed avis's ghost (amateur OpTm)
  3094 | D:3      | Noticed sirJeffrey23's ghost (amateur DgGl)
  3094 | D:3      | Noticed being54's ghost (weakling SpEn)
  3133 | D:3      | Reached XP level 6. HP: 36/36 MP: 12/12
  3490 | D:4      | Reached skill level 1 in Invocations
  3570 | D:4      | HP: 1/36 [gnoll/+0 halberd (13)]
  3571 | D:4      | Mangled by a gnoll

Illustrated notes

Levels and vault maps discovered:
D:1:      psy_arrival_whirlpool, layout_basic, serial_shops,
          nicolae_shop_bloodbath_and_beyond, ebering_ecumenical_altar_hall
D:2:      layout_basic, basic_altar, minmay_tromino_i2
D:3:      layout_loops_ring, nemelex_diamond_rough_becter,
          gammafunk_ghost_cemetery, uniq_sigmund
D:4:      layout_cave_pods, mainiacjoe_overflow_alcove_4,
          minmay_temple_entry_slanted

Skill      XL: |  1  2  3  4  5  6 |
---------------+-------------------+-----
Spellcasting   | 4 |  4.4
Earth Magic    | 5 |  5.3
Invocations    | 1 |  1.5
Dodging        | |  2.0
Stealth        | |  2.6
Transmutations | |  1.0

Action                   |  1- 3 |  4- 6 || total
-------------------------+-------+-------++-------
Melee: Short sword       |    49 |       ||    49
       Constrict         |    13 |     4 ||    17
       Tentacles         |     8 |     4 ||    12
       Whip              |     9 |    26 ||    35
       Punch             |     1 |       ||     1
 Cast: Sandblast         |    14 |     3 ||    17
  Use: Potion            |       |     1 ||     1
 Stab: Sleeping          |     8 |     5 ||    13
Armor: Skin              |     3 |     1 ||     4
Dodge: Dodged            |    51 |    21 ||    72

Table legend: (Time is in decaauts)
 A = Elapsed time spent in this place.
 B = Non-inter-level travel time spent in this place.
 C = Inter-level travel time spent in this place.
 D = Time resting spent in this place.
 E = Time spent auto-exploring this place.
 F = Levels seen in this place.
 G = Mean time per level.
                   A        B        C        D        E       F      G
               +--------+--------+--------+--------+--------+-----+--------+
         Total |   3578 |   3509 |     69 |    715 |   2331 |   4 |  894.5 |
       Dungeon |   3578 |   3509 |     69 |    715 |   2331 |   4 |  894.5 |
               +--------+--------+--------+--------+--------+-----+--------+

Top non-repeatable levels by time:
     D:1: 1119 daAuts
     D:2: 1076 daAuts
     D:3: 1071 daAuts
     D:4: 310 daAuts
